Description

Bonjwa Starcraft Academy | Starter Woche 3/5 Protoss builder order

Build Order

Get SALT Encoding   

  14  0:17  Pylon  
  16  0:38  Gateway  
  17  0:49  Assimilator  Probe Scout
  19  1:06  Gateway  
  20  1:26  Cybernetics Core  
  22  1:37  Pylon  
  22  1:48  Gateway  
  24  2:04  Warp Gate  
  26  2:18  Gateway  
  26  2:27  Pylon  Defenciv forward Pylon
  32  2:55  Pylon, Action  Move units to forward Pylon, Aggressiv forward Pylon
  32  3:19  Action  Transform Gateways to Warp Gates
  32  3:28  Action  Warp In
Spawning Tool Build Advisor. Get it on Overwolf

Go to:

Details

  • Created by: Hallenyoyo
  • Published on: Feb 06, 2018
  • Modified on: Feb 06, 2018
  • Patch: 4.0.0
Show
View Real Time Build Order
Export as new Build Order

Comments (0)

There are no comments. Be the first!

Create an account to comment!